 Dungeon Crawl Stone Soup version 0.28-a0-1080-g05a166d0ed (webtiles) character file.

Game seed: 5489322403523766900

175 ytrimaz the Insei (level 5, -4/39 HPs)
             Began as a Demonspawn Transmuter on Dec 9, 2021.
             Killed from afar by an orc wizard (5 damage)
             ... with a magic dart
             ... on level 4 of the Dungeon.
             The game lasted 00:03:38 (3364 turns).

ytrimaz the Insei (Demonspawn Transmuter)           Turns: 3364, Time: 00:03:39

Health: -4/39      AC:  3    Str: 10    XL:     5   Next: 29%
Magic:  3/9        EV: 12    Int: 17    God:
Gold:   167        SH:  0    Dex: 13    Spells: 6/10 levels left

rFire   + . .      SeeInvis .     - Unarmed
rCold   + . .      Faith    .   (no shield)
rNeg    . . .      Spirit   .   a - +1 robe
rPois   +          Reflect  .   (helmet currently unavailable)
rElec   +          Harm     .   (no cloak)
rCorr   +          Rampage  .   (no gloves)
Will    .....                   (boots currently unavailable)
Stlth   +.........              (no amulet)
HPRegen 0.13/turn               (no ring)
MPRegen 0.11/turn               (no ring)

@: confused, brilliant, appendages, resistant, very slightly contaminated
A: horns 2, talons 2, powered by death 2, demonic touch 1
a: End Transformation


You were on level 4 of the Dungeon.
You had temporarily grown beastly horns and talons.
You visited 1 branch of the dungeon, and saw 4 of its levels.

You collected 167 gold pieces.

Inventory:

Armour
 a - a +1 robe (worn)
Scrolls
 b - a scroll of blinking
 e - a scroll of noise
 h - a scroll of fog
Potions
 c - 2 potions of attraction


   Skills:
 * Level 2.3 Fighting
 - Level 1.7 Dodging
 + Level 4.0 Unarmed Combat
 + Level 3.0 Spellcasting
 + Level 2.5 Transmutations
 + Level 0.2 Poison Magic


You had 6 spell levels left.
You knew the following spells:

 Your Spells              Type           Power      Damage    Failure   Level
a - Beastly Appendage     Tmut           32%        N/A       6%          1
b - Spider Form           Tmut/Pois      10%        N/A       30%         3

Your spell library contained the following spells:

 Spells                   Type           Power      Damage    Failure   Level
 Wereblood                Tmut           16%        N/A       10%         2
 Ensorcelled Hibernation  Hex/Ice        6%         N/A       26%         2
 Tukima's Dance           Hex            3%         N/A       45%         3
 Ice Form                 Ice/Tmut       10%        N/A       71%         4


Dungeon Overview and Level Annotations

Branches:
Dungeon (4/15)
 Temple: D:4-7

Altars:


Innate Abilities, Weirdness & Mutations

You have temporarily grown beastly horns and talons.
You regenerate health from kills.
Your touch may inflict minor irresistible damage on your foes.


Message History

The orc wizard hits you with a +0 dagger.
* * * LOW HITPOINT WARNING * * *
Unknown command.
You bump into the rock wall.
The orc wizard misses you.
Unknown command.
You bump into the rock wall.
The orc wizard barely misses you.
Unknown command.
You bump into the rock wall.
The orc wizard casts a spell at you. The magic dart hits you!
* * * LOW HITPOINT WARNING * * *
Unknown command.
Unknown command.
You bump into the rock wall.
The orc wizard gestures at you while chanting.
You are more confused.
Unknown command.
Unknown command.
You bump into the rock wall.
The orc wizard hits you but does no damage.
Unknown command.
Unknown command.
You bump into the rock wall.
The orc wizard mumbles some strange words.
The orc wizard flickers and vanishes!
Deactivating autopickup; reactivate with Ctrl-A.
Unknown command.
Unknown command.
Unknown command.
You bump into the rock wall.
Something hits you.
* * * LOW HITPOINT WARNING * * *
Unknown command.
Unknown command.
Unknown command.
Unknown command.
You bump into the rock wall.
You hear some strange, mumbled words.
A magic dart appears from out of thin air!
The magic dart hits you.
You die...

###...... ......#
#..$# ##..# #...# #
#...# #..##...###
#..$......#########.#
#####..<..)Zoo{@....#
#.#...#.#########
......##.#
##..#####.# #.. #.#
#.. ..# #.. ### #


You could see 2 orcs and a bullfrog skeleton.

Vanquished Creatures
  An orc wizard (D:4)
  A hound skeleton (D:4)
  4 adders
  3 worms
  4 dart slugs
  5 orcs (D:4)
  10 ball pythons
  7 bats
  2 endoplasms
  2 giant cockroaches
  5 goblins
  8 hobgoblins
  7 jackals
  5 quokkas
  A frilled lizard (D:3)
  5 kobolds
  5 rats
75 creatures vanquished.

Notes
Turn   | Place    | Note
-------+----------+-------------------------------------------
     0 | D:1      | ytrimaz the Demonspawn Transmuter began the quest for the
                  | Orb.
     0 | D:1      | Reached XP level 1. HP: 15/15 MP: 3/3
   102 | D:1      | Reached skill level 3 in Unarmed Combat
   102 | D:1      | Gained mutation: You regenerate a little health from kills.
                  | [demonic ancestry]
   102 | D:1      | Reached XP level 2. HP: 9/21 MP: 5/5
   859 | D:1      | Gained mutation: You regenerate health from kills. [demonic
                  | ancestry]
   859 | D:1      | Reached XP level 3. HP: 26/26 MP: 6/6
   863 | D:1      | Learned a level 3 spell: Spider Form
  1775 | D:2      | Gained mutation: Your touch may inflict minor irresistible
                  | damage on your foes. [demonic ancestry]
  1775 | D:2      | Reached XP level 4. HP: 33/33 MP: 7/7
  3154 | D:4      | Reached XP level 5. HP: 25/38 MP: 6/9
  3249 | D:4      | Reached skill level 4 in Unarmed Combat
  3359 | D:4      | HP: 1/39 [orc wizard/magic dart (8)]
  3364 | D:4      | Killed from afar by an orc wizard

Illustrated notes

Levels and vault maps discovered:
D:1:      minmay_arrival_radiant_lines, layout_basic, minmay_vboxes
D:2:      layout_basic
D:3:      layout_basic, patterned_corridor
D:4:      layout_loops_cross, uniq_menkaure

Skill      XL: |  1  2  3  4  5 |
---------------+----------------+-----
Unarmed Combat | 3 4 |  4.0
Transmutations | 2 |  2.5
Fighting       | 2 |  2.3
Spellcasting   | 3 |  3.0
Dodging        | |  1.7
Poison Magic   | |  0.2

Action                   |  1- 3 |  4- 6 || total
-------------------------+-------+-------++-------
Melee: Unarmed           |   143 |   122 ||   265
       Punch             |     3 |     2 ||     5
       Kick              |    13 |    16 ||    29
       Headbutt          |     5 |     9 ||    14
       Touch             |       |    10 ||    10
 Cast: Beastly Appendage |    20 |    12 ||    32
       Spider Form       |     1 |     3 ||     4
  Use: Scroll            |     4 |     3 ||     7
       Potion            |       |     3 ||     3
 Stab: Sleeping          |     1 |     2 ||     3
Armor: Robe              |    39 |    24 ||    63
       Skin              |       |     1 ||     1
Dodge: Dodged            |   113 |    86 ||   199

Table legend: (Time is in decaauts)
 A = Elapsed time spent in this place.
 B = Non-inter-level travel time spent in this place.
 C = Inter-level travel time spent in this place.
 D = Time resting spent in this place.
 E = Time spent auto-exploring this place.
 F = Levels seen in this place.
 G = Mean time per level.
                   A        B        C        D        E       F      G
               +--------+--------+--------+--------+--------+-----+--------+
         Total |   3345 |   3285 |     60 |      0 |   2620 |   4 |  836.2 |
       Dungeon |   3345 |   3285 |     60 |      0 |   2620 |   4 |  836.2 |
               +--------+--------+--------+--------+--------+-----+--------+

Top non-repeatable levels by time:
     D:2: 1395 daAuts
     D:1: 892 daAuts
     D:3: 830 daAuts
     D:4: 226 daAuts
